 Dungeon Crawl Stone Soup version 0.27-a0-998-g4cfe56dd59 (webtiles) character file.

Game seed: 9686960186463302538

5 Arsuriii the Skirmisher (level 1, -1/19 HPs)
             Began as a Draconian Chaos Knight on Apr 17, 2021.
             Was a Plaything of Xom.
             Slain by a goblin
             ... wielding a +3 dagger of protection
              (4 damage)
             ... on level 1 of the Dungeon.
             The game lasted 00:02:49 (182 turns).

Arsuriii the Skirmisher (Draconian Chaos Knight)     Turns: 182, Time: 00:02:50

Health: -1/19      AC:  4    Str: 14    XL:     1   Next: 66%
Magic:  1/1        EV: 12    Int: 12    God:    Xom [..*...]
Gold:   23         SH:  0    Dex: 10    Spells: 0/0 levels left

rFire    . . .     SeeInvis .   a - +0 mace (chaos)
rCold    . . .     Faith    .   (no shield)
rNeg     . . .     Spirit   .   (armour unavailable)
rPois    .         Reflect  .   (helmet restricted)
rElec    .         Harm     .   (no cloak)
rCorr    .         Rampage  .   (no gloves)
Will     .....                  (no boots)
Stlth    +.........             (no amulet)
HPRegen  0.06/turn              (no ring)
MPRegen  0.07/turn              (no ring)

@: no status effects
A: AC +4, unfitting armour, cold-blooded
a: Renounce Religion


You were on level 1 of the Dungeon.
You worshipped Xom.
You were a toy of Xom.
You visited 1 branch of the dungeon, and saw 1 of its levels.

You collected 23 gold pieces.

Inventory:

Hand Weapons
 a - a +0 mace of chaos (weapon)
Scrolls
 b - a scroll of immolation {unknown}


   Skills:
 + Level 3.4 Fighting
 + Level 3.1 Maces & Flails
 + Level 2.2 Dodging


You couldn't memorise any spells.
You didn't know any spells.
Your spell library was empty.

Dungeon Overview and Level Annotations

Branches:
Dungeon (1/15)

Altars:


Innate Abilities, Weirdness & Mutations

Your plain brown scales are hard. (AC +4)
You cannot fit into any form of body armour.
You are cold-blooded and may be slowed by cold attacks.


Message History

Lightning courses through the hobgoblin!
You kill the hobgoblin!
b - a scroll labelled VUEPOGO EMEP You see here 17 arrows.
You see here 17 arrows.
You now have 23 gold pieces (gained 9).
You see here 17 arrows.
Found a red potion.
Found a robe.
A goblin comes into view.
It is wielding a +3 dagger of protection.
The goblin shouts!
You hear a shout!
A goblin and a hobgoblin come into view.
The goblin shouts!
The hobgoblin shouts!
You barely miss the goblin.
You tail-slap the goblin, but do no damage.
The goblin closely misses you.
You hit the goblin but do no damage.
You tail-slap the goblin, but do no damage.
The goblin hits you but does no damage.
The goblin hits you with a +3 dagger of protection.
You hit the goblin but do no damage. The goblin barely misses you.
You barely miss the goblin.
The goblin hits you with a +3 dagger of protection.
A shower of butterflies erupts from you!
You swap places.
The goblin hits your butterfly with a +3 dagger of protection.
Your butterfly dies!
You swap places.
You swap places.
The goblin closely misses your butterfly.
You swap places.
You swap places.
The goblin hits you with a +3 dagger of protection.
The hobgoblin completely misses your butterfly.
You swap places.
The hobgoblin closely misses you.
The goblin hits you with a +3 dagger of protection.
* * * LOW HITPOINT WARNING * * *
You barely miss the goblin.
The goblin hits you with a +3 dagger of protection.
You die...

....##########.##
................#
....#####.......#
.....# #......b##
##.### #......(.#
...# #......#.#
#### #......#.#
########b## #@g#
##g# #######g##
........b#
........!..#
.........###
..........
...[......#
..........+


You could see a hobgoblin and 2 goblins.

Vanquished Creatures
  A hobgoblin (D:1)
  3 jackals (D:1)
4 creatures vanquished.

Notes
Turn   | Place    | Note
-------+----------+-------------------------------------------
     0 | D:1      | Arsuriii the Draconian Chaos Knight began the quest for the
                  | Orb.
     0 | D:1      | Reached XP level 1. HP: 19/19 MP: 1/1
    20 | D:1      | XOM: potion effect (berserk rage)
   175 | D:1      | XOM: butterfly on damage
   182 | D:1      | Slain by a goblin

Illustrated notes

Levels and vault maps discovered:
D:1:      psy_arrival_whirlpool, layout_basic

Action                   || total
-------------------------++-------
Melee: Mace              ||    19
       Tailslap          ||     3
Armor: Skin              ||    12
Dodge: Dodged            ||    22

Table legend: (Time is in decaauts)
 A = Elapsed time spent in this place.
 B = Non-inter-level travel time spent in this place.
 C = Inter-level travel time spent in this place.
 D = Time resting spent in this place.
 E = Time spent auto-exploring this place.
 F = Levels seen in this place.
 G = Mean time per level.
                   A        B        C        D        E       F      G
               +--------+--------+--------+--------+--------+-----+--------+
         Total |    197 |    197 |      0 |      0 |      0 |   1 |  197.0 |
       Dungeon |    197 |    197 |      0 |      0 |      0 |   1 |  197.0 |
               +--------+--------+--------+--------+--------+-----+--------+

Top non-repeatable levels by time:
     D:1: 197 daAuts
